PAAA
JERSEY CITY TRITONS @ ALASKAN HUMPBACKS
06/06/2038
 
TOP OF THE 1ST
Jersey City Tritons batting - Pitching for Alaskan Humpbacks : RHP Glenn Suggett
Pitching: RHP Glenn Suggett
Batting: LHB Jim Brown 0-0: Ball
1-0: Ball
2-0: Ball
3-0: Called Strike
3-1: Base on Balls
Batting: RHB Carlos Rúbio 0-0: Ball
1-0: Swinging Strike
1-1: SINGLE (Line Drive, 9S, EV 88.8 MPH)
Jim Brown to second
Runner from 2nd tries for 3rd, SAFE, no throw by RF
Batting: LHB Conor Gotaas 0-0: Fly out, F8 (Line Drive, 8RM, EV 90.0 MPH)
Batting: RHB Norm Chodorow 0-0: Called Strike
0-1: Called Strike
0-2: Foul Ball, location: 2F
0-2: Strikes out swinging
Batting: RHB Lorenzo Varela 0-0: Fielders Choice at 2nd, U4 (Groundball, 4M, EV 86.9 MPH)
Top of the 1st over - 0 runs, 1 hit, 0 errors, 2 left on base; Jersey City 0 - Alaskan 0
BOTTOM OF THE 1ST
Alaskan Humpbacks batting - Pitching for Jersey City Tritons : RHP Alfred Osuch
Pitching: RHP Alfred Osuch
Batting: LHB Philip Visscher 0-0: Ball
1-0: Called Strike
1-1: Called Strike
1-2: Ball
2-2: Strikes out looking
Batting: LHB Roberts Hamhock 0-0: Called Strike
0-1: Ground out 4-3 (Groundball, 4S, EV 88.1 MPH)
Batting: LHB Shohei Otani 0-0: Called Strike
0-1: Ball
1-1: DOUBLE (Line Drive, 78D, EV 111.2 MPH)
Batting: RHB José Torres 0-0: Ball
1-0: Fly out, F6 (Flyball, 6D, EV 95.0 MPH)
Bottom of the 1st over - 0 runs, 1 hit, 0 errors, 1 left on base; Jersey City 0 - Alaskan 0
TOP OF THE 2ND
Jersey City Tritons batting - Pitching for Alaskan Humpbacks : RHP Glenn Suggett
Batting: LHB Raphaël Duval 0-0: Ball
1-0: Called Strike
1-1: Ball
2-1: Ball
3-1: Fly out, F8 (Flyball, 8LM, EV 79.4 MPH)
Batting: LHB Bud Randall 0-0: Called Strike
0-1: Ball
1-1: Called Strike
1-2: Ball
2-2: Ball
3-2: Strikes out swinging
Batting: RHB Yohann Serres 0-0: Called Strike
0-1: Ball
1-1: Called Strike
1-2: Strikes out swinging
Top of the 2nd over - 0 runs, 0 hits, 0 errors, 0 left on base; Jersey City 0 - Alaskan 0
BOTTOM OF THE 2ND
Alaskan Humpbacks batting - Pitching for Jersey City Tritons : RHP Alfred Osuch
Batting: LHB Pat Pending 0-0: Called Strike
0-1: DOUBLE (Line Drive, 7LM, EV 103.8 MPH)
Batting: RHB Jon Moon 0-0: Fly out, F9 (Flyball, 9, EV 87.5 MPH)
Batting: RHB Sigi Lang 0-0: Ball
1-0: Ball
2-0: Swinging Strike
2-1: Swinging Strike
2-2: Ball
3-2: Strikes out looking
Batting: RHB Chris Walters 0-0: Fly out, F8 (Flyball, 8RM, EV 90.6 MPH)
Bottom of the 2nd over - 0 runs, 1 hit, 0 errors, 1 left on base; Jersey City 0 - Alaskan 0
TOP OF THE 3RD
Jersey City Tritons batting - Pitching for Alaskan Humpbacks : RHP Glenn Suggett
Batting: RHB Otton Dis 0-0: Called Strike
0-1: Called Strike
0-2: Foul Ball, location: 2F
0-2: Ball
1-2: Foul Ball, location: 2F
1-2: Foul Ball, location: 2F
1-2: Fly out, F2 (Popup, 25F, EV 81.9 MPH)
Batting: LHB Jim Brown 0-0: Ball
1-0: Swinging Strike
1-1: Ball
2-1: DOUBLE (Flyball, 8LXD, EV 91.2 MPH)
Batting: RHB Carlos Rúbio 0-0: Ball
1-0: Called Strike
1-1: DOUBLE (Groundball, 5L, EV 110.0 MPH)
Jim Brown scores
Batting: LHB Conor Gotaas 0-0: Ball
1-0: Foul Ball, location: 2F
1-1: Ball
2-1: Foul Ball, location: 2F
2-2: Ball
3-2: Base on Balls
Batting: RHB Norm Chodorow 0-0: Ball
1-0: Fly out, F7 (Flyball, 78S, EV 75.0 MPH)
Batting: RHB Lorenzo Varela 0-0: Ground out 5-3 (Groundball, 56S, EV 69.4 MPH)
Top of the 3rd over - 1 run, 2 hits, 0 errors, 2 left on base; Jersey City 1 - Alaskan 0
BOTTOM OF THE 3RD
Alaskan Humpbacks batting - Pitching for Jersey City Tritons : RHP Alfred Osuch
Batting: RHB Kyuso Kouno 0-0: Foul Ball, location: 2F
0-1: Foul Ball, location: 2F
0-2: Ball
1-2: Ground out 4-3 (Groundball, 4S, EV 92.5 MPH)
Batting: LHB Philip Visscher 0-0: Called Strike
0-1: Ball
1-1: Ball
2-1: Ball
3-1: Base on Balls
Batting: LHB Roberts Hamhock 0-0: Fielders Choice at 2nd, 4-6 (Groundball, 4, EV 104.4 MPH)
Batting: LHB Shohei Otani 0-0: Ball
1-0: Foul Ball, location: 2F
1-1: 2-RUN HOME RUN (Flyball, 9LD, EV 105.6 MPH), Distance : 342 ft
Batting: RHB José Torres 0-0: Called Strike
0-1: Foul Ball, location: 2F
0-2: Foul Ball, location: 2F
0-2: Foul Ball, location: 2F
0-2: Ball
1-2: Ground out 4-3 (Groundball, 4M, EV 87.5 MPH)
Bottom of the 3rd over - 2 runs, 1 hit, 0 errors, 0 left on base; Jersey City 1 - Alaskan 2
TOP OF THE 4TH
Jersey City Tritons batting - Pitching for Alaskan Humpbacks : RHP Glenn Suggett
Batting: LHB Raphaël Duval 0-0: Ball
1-0: Ball
2-0: Ball
3-0: Called Strike
3-1: Called Strike
3-2: Foul Ball, location: 2F
3-2: Foul Ball, location: 2F
3-2: Strikes out looking
Batting: LHB Bud Randall 0-0: Ball
1-0: Ball
2-0: Called Strike
2-1: Foul Ball, location: 2F
2-2: Ball
3-2: Ground out 4-3 (Groundball, 4, EV 87.5 MPH)
Batting: RHB Yohann Serres 0-0: Called Strike
0-1: Called Strike
0-2: Ground out 4-3 (Groundball, 4S, EV 88.1 MPH)
Top of the 4th over - 0 runs, 0 hits, 0 errors, 0 left on base; Jersey City 1 - Alaskan 2
BOTTOM OF THE 4TH
Alaskan Humpbacks batting - Pitching for Jersey City Tritons : RHP Alfred Osuch
Batting: LHB Pat Pending 0-0: Fly out, F9 (Line Drive, 9, EV 93.8 MPH)
Batting: RHB Jon Moon 0-0: Called Strike
0-1: Called Strike
0-2: Strikes out swinging
Batting: RHB Sigi Lang 0-0: Ball
1-0: Fly out, F8 (Flyball, 8LM, EV 86.2 MPH)
Bottom of the 4th over - 0 runs, 0 hits, 0 errors, 0 left on base; Jersey City 1 - Alaskan 2
TOP OF THE 5TH
Jersey City Tritons batting - Pitching for Alaskan Humpbacks : RHP Glenn Suggett
Batting: RHB Otton Dis 0-0: Called Strike
0-1: Foul Ball, location: 2F
0-2: Ball
1-2: Ball
2-2: SINGLE (Groundball, 4MD, EV 98.1 MPH)
Batting: LHB Jim Brown 0-0: Ball
1-0: Ball
2-0: Ball
3-0: Base on Balls
Otton Dis to second
Batting: RHB Carlos Rúbio 0-0: Called Strike
0-1: Swinging Strike
0-2: Ball
1-2: Strikes out swinging
Pitching: LHP Ramon Wuilink
Batting: LHB Conor Gotaas 0-0: Fielders Choice at 2nd, 2-6 (Groundball, 2R, EV 68.1 MPH)
Otton Dis to third
Batting: RHB Norm Chodorow 0-0: 3-RUN HOME RUN (Flyball, 7D, EV 91.9 MPH), Distance : 377 ft
Batting: RHB Lorenzo Varela 0-0: Ball
1-0: Called Strike
1-1: Fly out, F9 (Flyball, 9S, EV 80.6 MPH)
Top of the 5th over - 3 runs, 2 hits, 0 errors, 0 left on base; Jersey City 4 - Alaskan 2
BOTTOM OF THE 5TH
Alaskan Humpbacks batting - Pitching for Jersey City Tritons : RHP Alfred Osuch
Batting: RHB Chris Walters 0-0: Ball
1-0: Called Strike
1-1: Foul Ball, location: 2F
1-2: Foul Ball, location: 2F
1-2: SINGLE (Groundball, 56D, EV 94.4 MPH)
Batting: RHB Kyuso Kouno 0-0: Sac Bunt to 25 - play at first, batter OUT! 5-3
Chris Walters to second
Batting: LHB Philip Visscher 0-0: Called Strike
0-1: Foul Ball, location: 2F
0-2: Ball
1-2: Fly out, F8 (Flyball, 8LM, EV 90.0 MPH)
Batting: LHB Roberts Hamhock 0-0: Ball
1-0: Ball
2-0: Ball
3-0: Called Strike
3-1: Base on Balls
Batting: LHB Shohei Otani 0-0: Fly out, F7 (Flyball, 7S, EV 87.5 MPH)
Bottom of the 5th over - 0 runs, 1 hit, 0 errors, 2 left on base; Jersey City 4 - Alaskan 2
TOP OF THE 6TH
Jersey City Tritons batting - Pitching for Alaskan Humpbacks : LHP Ramon Wuilink
Batting: LHB Raphaël Duval 0-0: Ball
1-0: SINGLE (Line Drive, 89S, EV 107.5 MPH)
Batting: LHB Bud Randall 0-0: Ball
1-0: Bunted foul
1-1: Bunted foul
1-2: Ball
2-2: Grounds into double play, 4-6-3 (Groundball, 4, EV 98.1 MPH)
Batting: RHB Yohann Serres 0-0: Ball
1-0: Ground out 5-3 (Groundball, 5, EV 83.1 MPH)
Top of the 6th over - 0 runs, 1 hit, 0 errors, 0 left on base; Jersey City 4 - Alaskan 2
BOTTOM OF THE 6TH
Alaskan Humpbacks batting - Pitching for Jersey City Tritons : RHP Alfred Osuch
Batting: RHB José Torres 0-0: Ball
1-0: Ground out 4-3 (Groundball, 4, EV 86.2 MPH)
Batting: LHB Pat Pending 0-0: Ball
1-0: Foul Ball, location: 2F
1-1: Swinging Strike
1-2: Ball
2-2: Ball
3-2: SINGLE (Groundball, 4D, EV 106.2 MPH)
Batting: RHB Jon Moon 0-0: Called Strike
0-1: Foul Ball, location: 2F
0-2: 2-RUN HOME RUN (Flyball, 7LD, EV 92.5 MPH), Distance : 347 ft
Batting: RHB Sigi Lang 0-0: Ball
1-0: Foul Ball, location: 2F
1-1: Ground out 5-3 (Groundball, 5L, EV 89.4 MPH)
Batting: RHB Chris Walters 0-0: Ground out 6-3 (Groundball, 56, EV 101.9 MPH)
Bottom of the 6th over - 2 runs, 2 hits, 0 errors, 0 left on base; Jersey City 4 - Alaskan 4
TOP OF THE 7TH
Jersey City Tritons batting - Pitching for Alaskan Humpbacks : LHP Ramon Wuilink
Batting: RHB Otton Dis 0-0: Ball
1-0: Fly out, F8 (Flyball, 8RS, EV 69.4 MPH)
Batting: LHB Jim Brown 0-0: Ball
1-0: Ball
2-0: Called Strike
2-1: Ball
3-1: Base on Balls
Batting: RHB Carlos Rúbio 0-0: Ball
1-0: Swinging Strike
1-1: Ball
2-1: Ball
3-1: Called Strike
3-2: Foul Ball, location: 2F
3-2: Foul Ball, location: 2F
3-2: Base on Balls
Jim Brown to second
Batting: LHB Conor Gotaas 0-0: Fly out, F9 (Line Drive, 89M, EV 100.0 MPH)
Batting: RHB Norm Chodorow 0-0: Called Strike
0-1: Ball
1-1: SINGLE (Groundball, 4MD, EV 103.1 MPH)
Jim Brown to third
Carlos Rúbio to second
Runner from 3rd tries for Home, SAFE, throw by CF to home
Batting: RHB Lorenzo Varela 0-0: Ball
1-0: Swinging Strike
1-1: Called Strike
1-2: Ball
2-2: Ball
3-2: Ground out 6-3 (Groundball, 6S, EV 85.0 MPH)
Top of the 7th over - 1 run, 1 hit, 0 errors, 2 left on base; Jersey City 5 - Alaskan 4
BOTTOM OF THE 7TH
Alaskan Humpbacks batting - Pitching for Jersey City Tritons : RHP Alfred Osuch
Batting: RHB Kyuso Kouno 0-0: Ball
1-0: Called Strike
1-1: Foul Ball, location: 2F
1-2: DOUBLE (Flyball, 89D, EV 97.5 MPH)
Batting: LHB Philip Visscher 0-0: Ball
1-0: Ball
2-0: Ball
3-0: Base on Balls
Batting: LHB Roberts Hamhock 0-0: Foul Ball, location: 2F
0-1: Fly out, F9 (Line Drive, 9, EV 95.0 MPH)
Batting: LHB Shohei Otani 0-0: Ball
1-0: Called Strike
1-1: Called Strike
1-2: Ball
2-2: Ball
3-2: DOUBLE (Line Drive, 89M, EV 106.9 MPH)
Kyuso Kouno scores
Philip Visscher to third
Pitching: LHP Cedric Zuercher
Batting: RHB José Torres 0-0: Intentional Walk
Batting: LHB Pat Pending 0-0: Fly out, F9 (Flyball, 9LS, EV 93.8 MPH)
Batting: RHB Jon Moon 0-0: Foul Ball, location: 2F
0-1: Fielders Choice at 2nd, U6 (Groundball, 6M, EV 76.2 MPH)
Bottom of the 7th over - 1 run, 2 hits, 0 errors, 3 left on base; Jersey City 5 - Alaskan 5
TOP OF THE 8TH
Jersey City Tritons batting - Pitching for Alaskan Humpbacks : LHP Ramon Wuilink
Batting: LHB Raphaël Duval 0-0: Swinging Strike
0-1: Called Strike
0-2: Ball
1-2: Ball
2-2: Foul Ball, location: 2F
2-2: Strikes out swinging
Batting: LHB Bud Randall 0-0: Ball
1-0: Ball
2-0: Ground out 5-3 (Groundball, 5L, EV 90.6 MPH)
Batting: RHB Yohann Serres 0-0: Ball
1-0: Called Strike
1-1: Foul Ball, location: 2F
1-2: Ball
2-2: Fly out, F4 (Popup, 4S, EV 82.5 MPH)
Top of the 8th over - 0 runs, 0 hits, 0 errors, 0 left on base; Jersey City 5 - Alaskan 5
BOTTOM OF THE 8TH
Alaskan Humpbacks batting - Pitching for Jersey City Tritons : LHP Cedric Zuercher
Batting: RHB Sigi Lang 0-0: Called Strike
0-1: Foul Ball, location: 2F
0-2: Ball
1-2: SINGLE (Flyball, 9LS, EV 95.0 MPH)
Batting: RHB Chris Walters 0-0: Bunted foul
0-1: Reached on error, E1 (Groundball, P, EV 43.8 MPH)
Sigi Lang to third
Batting: RHB Kyuso Kouno 0-0: SINGLE (Groundball, 56D, EV 99.4 MPH)
Sigi Lang scores
Chris Walters to third
Batting: LHB Philip Visscher 0-0: Called Strike
0-1: Foul Ball, location: 2F
0-2: Ball
1-2: Strikes out swinging
Batting: LHB Roberts Hamhock 0-0: Swinging Strike
0-1: Foul Ball, location: 2F
0-2: Strikes out swinging
Batting: LHB Shohei Otani 0-0: 3-RUN HOME RUN (Line Drive, 78XD, EV 100.0 MPH), Distance : 429 ft
Pitching: LHP Bu-wei Law
Batting: RHB José Torres 0-0: Ball
1-0: Ball
2-0: Called Strike
2-1: Ground out 4-3 (Groundball, 4, EV 96.2 MPH)
Bottom of the 8th over - 4 runs, 3 hits, 1 error, 0 left on base; Jersey City 5 - Alaskan 9
TOP OF THE 9TH
Jersey City Tritons batting - Pitching for Alaskan Humpbacks : LHP Ramon Wuilink
Batting: RHB Otton Dis 0-0: Ball
1-0: SINGLE (Groundball, 56D, EV 106.9 MPH)
Pitching: RHP William DeWitt
Batting: LHB Jim Brown 0-0: Ball
1-0: Called Strike
1-1: Called Strike
1-2: Ball
2-2: Strikes out swinging
Batting: RHB Carlos Rúbio 0-0: SINGLE (Groundball, 6MD, EV 109.4 MPH)
Otton Dis to second
Batting: LHB Conor Gotaas 0-0: Ball
1-0: Ball
2-0: Swinging Strike
2-1: Foul Ball, location: 2F
2-2: Strikes out looking
Batting: RHB Norm Chodorow 0-0: Fielders Choice at 2nd, 5-4 (Groundball, 56, EV 91.2 MPH)
Top of the 9th over - 0 runs, 2 hits, 0 errors, 2 left on base; Jersey City 5 - Alaskan 9
Friday, April 17th, 2020 - OOTP Baseball 20.8 Build 74